[Event "ESTCC-65 2025"]
[Site "Swidnica"]
[Date "2025.04.07"]
[Round "3.10"]
[White "Sobocanec, Alojz"]
[Black "Zyla, Janusz"]
[Result "0-1"]
[Annotator "ChessBase"]
[ECO "E61"]
[WhiteElo "1792"]
[BlackElo "2181"]
[PlyCount "50"]
[EventDate "2025.04.05"]
[EventType "team-tourn"]
[EventCountry "POL"]
[SourceTitle "playchess.com"]
[Source "ChessBase"]
[SourceQuality "1"]
[WhiteTeam "Croatia"]
[BlackTeam "Poland"]
[WhiteTeamCountry "CRO"]
[BlackTeamCountry "POL"]
[TimeControl "40/5400+30:1800+30"]

1. d4 Nf6 2. c4 g6 3. Nc3 Bg7 4. Nf3 O-O 5. h3 d6 6. e4 e5 7. d5 Na6 8. Be3 Nh5 9. Qd2 f5 10. Bh6 Qe8 11. Bd3 Nf4 12. Bxf4 exf4 13. O-O-O Nc5 14. Rhe1 Qd8 15. exf5 Nxd3+ 16. Qxd3 Bxf5 17. Qd2 c5 18. dxc6 bxc6 19. Qxd6 Qb6 20. c5 Qb4 21. Ne5 Rab8 22. Qd2 Qxc5 23. Nd7 Bxd7 24. Qxd7 Bxc3 25. Qe6+ Kh8 0-1

[Event "ESTCC-65 2025"]
[Site "Swidnica"]
[Date "2025.04.07"]
[Round "3.11"]
[White "Czajkowski, Ryszard"]
[Black "Novak, Stjepan"]
[Result "1-0"]
[Annotator "NA RC"]
[ECO "A40"]
[WhiteElo "1963"]
[BlackElo "1671"]
[PlyCount "104"]
[EventDate "2025.04.05"]
[EventType "team-tourn"]
[EventCountry "POL"]
[SourceTitle "playchess.com"]
[Source "ChessBase"]
[SourceQuality "1"]
[WhiteTeam "Poland"]
[BlackTeam "Croatia"]
[WhiteTeamCountry "POL"]
[BlackTeamCountry "CRO"]
[TimeControl "40/5400+30:1800+30"]

1. d4 b5 2. e4 c6 3. Nf3 a5 4. Bd3 Ba6 5. O-O b4 6. c4 bxc3 7. Nxc3 Bxd3 8. Qxd3 h6 9. e5 Na6 10. d5 Nb4 11. Qe4 Nxd5 12. Nxd5 cxd5 13. Qxd5 e6 14. Qe4 Ne7 15. Nd4 Ra6 16. Bd2 Nd5 17. Rac1 Be7 18. Qg4 Kf8 19. Rc4 Nb6 20. Rc2 Bb4 21. Bc1 Kg8 22. a3 Bf8 23. Bd2 Ra8 24. Rfc1 Rc8 25. Bxa5 Rxc2 26. Rxc2 Qb8 27. Qe4 Nd5 28. g3 g6 29. f4 Bg7 30. Be1 Kh7 31. Bf2 Rc8 32. b4 Rxc2 33. Qxc2 Nxb4 34. axb4 Qxb4 35. Qb3 Bf8 36. Qxb4 Bxb4 37. Kf1 d6 38. Nc2 Bc5 39. Bxc5 dxc5 40. Ke2 g5 41. Kf3 Kg6 42. Ke4 f5+ 43. exf6 gxf4 44. gxf4 Kxf6 45. Ne3 h5 46. h4 Ke7 47. Ke5 Kd7 48. Kf6 Kd6 49. Kg5 c4 50. Nxc4+ Kd5 51. Ne5 Ke4 52. Ng6 Kf3 1-0

[Event "ESTCC-65 2025"]
[Site "Swidnica"]
[Date "2025.04.07"]
[Round "3.12"]
[White "Petanjek, Zvonko"]
[Black "Krupa, Krzysztof"]
[Result "0-1"]
[Annotator "NA RC"]
[ECO "C48"]
[WhiteElo "1732"]
[BlackElo "1919"]
[PlyCount "88"]
[EventDate "2025.04.05"]
[EventType "team-tourn"]
[EventCountry "POL"]
[SourceTitle "playchess.com"]
[Source "ChessBase"]
[SourceQuality "1"]
[WhiteTeam "Croatia"]
[BlackTeam "Poland"]
[WhiteTeamCountry "CRO"]
[BlackTeamCountry "POL"]
[TimeControl "40/5400+30:1800+30"]

1. e4 e5 2. Nf3 Nc6 3. Nc3 Nf6 4. Bb5 Bc5 5. h3 d6 6. d3 h6 7. O-O a6 8. Bxc6+ bxc6 9. a3 g5 10. Nh2 Rg8 11. Be3 Bd4 12. Bxd4 exd4 13. Ne2 g4 14. h4 c5 15. g3 Nd7 16. Qd2 Qf6 17. Qf4 Qxf4 18. Nxf4 Rb8 19. b3 Ne5 20. Nd5 Kd8 21. Kg2 c6 22. Nf4 f5 23. exf5 Bxf5 24. Rfe1 Kd7 25. Nh5 Rbf8 26. Nf4 Rg7 27. a4 Re7 28. Kf1 Rfe8 29. Rac1 d5 30. Rb1 Kd6 31. Rbc1 c4 32. bxc4 dxc4 33. dxc4 Kc5 34. Nd3+ Nxd3 35. Rxe7 Rxe7 36. cxd3 Bxd3+ 37. Kg1 Be2 38. f3 gxf3 39. Kf2 d3 40. Nf1 Bxf1 41. Rxf1 Kd4 42. Kxf3 Rf7+ 43. Kg2 Rxf1 44. Kxf1 Kc3 0-1

[Event "ESTCC-65 2025"]
[Site "Swidnica"]
[Date "2025.04.07"]
[Round "3.13"]
[White "Beilfuss, Wilfried"]
[Black "Nunn, John D M"]
[Result "1/2-1/2"]
[Annotator "TA"]
[ECO "A49"]
[WhiteElo "2070"]
[BlackElo "2528"]
[PlyCount "64"]
[EventDate "2025.04.05"]
[EventType "team-tourn"]
[EventCountry "POL"]
[SourceTitle "playchess.com"]
[Source "ChessBase"]
[SourceQuality "1"]
[WhiteTeam "Germany"]
[BlackTeam "England"]
[WhiteTeamCountry "GER"]
[BlackTeamCountry "ENG"]
[TimeControl "40/5400+30:1800+30"]

1. d4 Nf6 2. Nf3 g6 3. g3 Bg7 4. Bg2 O-O 5. O-O d6 6. c4 Nc6 7. Nc3 Rb8 8. b3 {[%emt 0:00:29] 8.d5 is setting a new trend.} a6 9. d5 Na5 {[%emt 0:00:38] E63: King's Indian: Fianchetto: Panno Variation with 7...a6.} (9... Nxd5 10. cxd5 Bxc3 11. Bh6) 10. Bg5 c5 11. dxc6 $1 Nxc6 {[%emt 0:00:30] White is slightly better.} 12. Rc1 h6 13. Bf4 Bf5 14. Nd5 $146 (14. Qd2 g5 15. Be3 Ng4 16. Rfd1 Nxe3 17. Qxe3 Qc8 18. h4 g4 19. Ne1 Qe6 20. Qd2 {1-0 Brejnik,G (2261)-Freisler,P (2242) CZE-chT2B 2122 2021 (5.1)}) 14... e5 15. Be3 Nxd5 16. cxd5 Ne7 17. Qd2 Kh7 18. Rfd1 Qd7 19. Qa5 {[%emt 0:09:39] White is more active.} Rfc8 {[%emt 0:01:51] Dodges Rc7} 20. Nd2 (20. Bb6 $14 {is superior.}) 20... Bh3 (20... Bc2 $11) 21. Bxh3 $16 {[%emt 0:15:04] Successful Defense White} Qxh3 22. Nc4 Nf5 23. Bb6 Qg4 24. Qd2 (24. f3 $16 Qg5 25. Qe1) 24... Bf6 (24... e4 $14) 25. f3 Qh3 26. e3 Bd8 {[%emt 0:03:09] [#]} 27. Bxd8 $1 Rxd8 {[%emt 0:00:05] [#]} 28. Nb6 $1 {[%emt 0:00:18] Dodges Rd7} Qh5 29. Kg2 (29. Rc7 $18) 29... Qg5 $14 30. Kf2 Qh5 (30... Re8 $14) 31. Kg2 Qg5 32. Kf2 Qh5 $1 {Weighted Error Value: White=0.21 (precise) /Black=0.24 (precise)   Mistake:       	White=3     	Black=3      Inaccurate:     	White=2     	Black=1      OK:         	White=10    	Black=6      Best:        	---       	Black=1      Strong:       	White=3     	Black=1} 1/2-1/2

[Event "ESTCC-65 2025"]
[Site "Swidnica"]
[Date "2025.04.07"]
[Round "3.14"]
[White "Kosten, Anthony C."]
[Black "Woestmann, Hans-Joachim"]
[Result "1-0"]
[Annotator "RC"]
[ECO "A06"]
[WhiteElo "2366"]
[BlackElo "2029"]
[PlyCount "63"]
[EventDate "2025.04.05"]
[EventType "team-tourn"]
[EventCountry "POL"]
[SourceTitle "playchess.com"]
[Source "ChessBase"]
[SourceQuality "1"]
[WhiteTeam "England"]
[BlackTeam "Germany"]
[WhiteTeamCountry "ENG"]
[BlackTeamCountry "GER"]
[TimeControl "40/5400+30:1800+30"]

1. Nf3 d5 2. g3 Nf6 3. Bg2 e6 4. O-O Be7 5. c4 O-O 6. d3 b6 7. cxd5 Nxd5 8. a3 c5 9. d4 cxd4 10. Nxd4 Bb7 11. e4 Nf6 12. Nc3 Na6 13. Re1 Qd7 14. Bf4 Nc7 15. Bxc7 Qxc7 16. e5 Nd5 17. Nxd5 Bxd5 18. Bxd5 exd5 19. Nf5 Rfd8 20. Qg4 Bf8 21. e6 fxe6 22. Rxe6 Re8 23. Rxe8 Rxe8 24. Rd1 Qc2 25. Rxd5 Qxb2 26. Nh6+ Kh8 27. Nf7+ Kg8 28. Ng5 Qb1+ 29. Rd1 Qg6 30. Qc4+ Kh8 31. Nf7+ Kg8 32. Nh6+ 1-0

[Event "ESTCC-65 2025"]
[Site "Swidnica"]
[Date "2025.04.07"]
[Round "3.15"]
[White "Mueller, Gerhard"]
[Black "Mestel, A Jonathan"]
[Result "1/2-1/2"]
[Annotator "RC"]
[ECO "D01"]
[WhiteElo "2052"]
[BlackElo "2449"]
[PlyCount "48"]
[EventDate "2025.04.05"]
[EventType "team-tourn"]
[EventCountry "POL"]
[SourceTitle "playchess.com"]
[Source "ChessBase"]
[SourceQuality "1"]
[WhiteTeam "Germany"]
[BlackTeam "England"]
[WhiteTeamCountry "GER"]
[BlackTeamCountry "ENG"]
[TimeControl "40/5400+30:1800+30"]

1. d4 Nf6 2. Nc3 d5 3. Bg5 Nbd7 4. Nf3 g6 5. e3 Bg7 6. Bd3 c5 7. O-O O-O 8. Re1 b6 9. e4 dxe4 10. Nxe4 cxd4 11. Nxd4 Bb7 12. c3 a6 13. Qe2 Re8 14. Rad1 Qc7 15. Nxf6+ Nxf6 16. Bxf6 Bxf6 17. Be4 Rac8 18. Bxb7 Qxb7 19. Rd3 b5 20. Red1 Qb6 21. Qe4 Rc4 22. Qf3 e5 23. Qe3 e4 24. R3d2 Bxd4 1/2-1/2

[Event "ESTCC-65 2025"]
[Site "Swidnica"]
[Date "2025.04.07"]
[Round "3.16"]
[White "Large, Peter G"]
[Black "Lange, Torsten"]
[Result "1-0"]
[Annotator "RC"]
[ECO "C13"]
[WhiteElo "2342"]
[BlackElo "2025"]
[PlyCount "41"]
[EventDate "2025.04.05"]
[EventType "team-tourn"]
[EventCountry "POL"]
[SourceTitle "playchess.com"]
[Source "ChessBase"]
[SourceQuality "1"]
[WhiteTeam "England"]
[BlackTeam "Germany"]
[WhiteTeamCountry "ENG"]
[BlackTeamCountry "GER"]
[TimeControl "40/5400+30:1800+30"]

1. e4 e6 2. d4 d5 3. Nc3 Nf6 4. Bg5 Be7 5. e5 Ne4 6. Bxe7 Nxc3 7. Qg4 Qxe7 8. Qxg7 Qb4 9. Qxh8+ Ke7 10. Bd3 Qxb2 11. Rd1 Nc6 12. Nf3 Nxd1 13. Kxd1 Qa1+ 14. Kd2 Qxh1 15. Qf6+ Ke8 16. Ng5 Nd8 17. Nxh7 Kd7 18. Nf8+ Ke8 19. Qh8 Ke7 20. Nh7 a6 21. Qf8+ 1-0

[Event "ESTCC-65 2025"]
[Site "Swidnica"]
[Date "2025.04.08"]
[Round "4.1"]
[White "Vadlja, Stjepan"]
[Black "Beilfuss, Wilfried"]
[Result "0-1"]
[Annotator "NA RC"]
[ECO "B32"]
[WhiteElo "1697"]
[BlackElo "2070"]
[PlyCount "88"]
[EventDate "2025.04.05"]
[EventType "team-tourn"]
[EventCountry "POL"]
[SourceTitle "playchess.com"]
[Source "ChessBase"]
[SourceQuality "1"]
[WhiteTeam "Croatia"]
[BlackTeam "Germany"]
[WhiteTeamCountry "CRO"]
[BlackTeamCountry "GER"]
[TimeControl "40/5400+30:1800+30"]

1. e4 c5 2. Nf3 Nc6 3. d4 cxd4 4. Nxd4 Qb6 5. Nb3 Nf6 6. Be3 Qc7 7. Nc3 e6 8. Be2 a6 9. a3 Be7 10. O-O O-O 11. Qd2 b5 12. Na2 Nxe4 13. Qd3 d5 14. f3 Nf6 15. Qd2 Ne5 16. Rac1 Rd8 17. Qd4 Nfd7 18. Kh1 Nc4 19. Bxc4 bxc4 20. Nd2 Bf6 21. Qg4 Bxb2 22. Rb1 Bxa3 23. Bh6 Bf8 24. Rfe1 Kh8 25. Bg5 Re8 26. Nc3 Bb7 27. h4 e5 28. h5 f6 29. Bh4 Rad8 30. Rbd1 Qc6 31. Nf1 Nc5 32. Re2 Bc8 33. Qg3 Bf5 34. Ne3 Be6 35. Nf1 h6 36. Rde1 Bg8 37. Rd1 Bh7 38. Red2 d4 39. Qg4 Be7 40. Nb1 a5 41. Qg3 c3 42. Re2 Ne6 43. Qe1 Nf4 44. Rf2 Bb4 0-1

[Event "ESTCC-65 2025"]
[Site "Swidnica"]
[Date "2025.04.08"]
[Round "4.2"]
[White "Woestmann, Hans-Joachim"]
[Black "Sobocanec, Alojz"]
[Result "1-0"]
[Annotator "RC"]
[ECO "D11"]
[WhiteElo "2029"]
[BlackElo "1792"]
[PlyCount "137"]
[EventDate "2025.04.05"]
[EventType "team-tourn"]
[EventCountry "POL"]
[SourceTitle "playchess.com"]
[Source "ChessBase"]
[SourceQuality "1"]
[WhiteTeam "Germany"]
[BlackTeam "Croatia"]
[WhiteTeamCountry "GER"]
[BlackTeamCountry "CRO"]
[TimeControl "40/5400+30:1800+30"]

1. d4 d5 2. c4 c6 3. Nf3 e6 4. e3 f5 5. Bd3 Nf6 6. O-O Bd6 7. b3 O-O 8. Ba3 Bxa3 9. Nxa3 Nbd7 10. b4 Ne4 11. b5 Qe7 12. Qc1 e5 13. bxc6 bxc6 14. cxd5 cxd5 15. Nb5 Ba6 16. Qc6 Nb6 17. Qc2 Rfc8 18. Qb3 exd4 19. exd4 Nc4 20. Rac1 Rab8 21. Bxc4 dxc4 22. Rxc4 Rxc4 23. Qxc4+ Qf7 24. Qxf7+ Kxf7 25. Ne5+ Kg8 26. a4 Bxb5 27. axb5 Rxb5 28. Rc1 h6 29. f3 Nf6 30. Nc6 a6 31. Ra1 Rb6 32. Ne7+ Kf7 33. Nxf5 Nd5 34. Ra5 Nb4 35. Kf2 h5 36. Ne3 Rb5 37. Rxb5 axb5 38. Ke2 Ke6 39. Kd2 Nd5 40. Nd1 b4 41. g3 g5 42. Kd3 Kd6 43. Nf2 Ke6 44. Ne4 Kf5 45. Nc5 Nb6 46. Ne4 h4 47. Nd2 Ke6 48. Ke4 Nd5 49. Nc4 hxg3 50. hxg3 Nf6+ 51. Kd3 g4 52. fxg4 Nxg4 53. Nb6 Nf2+ 54. Ke3 Nd1+ 55. Ke4 Nf2+ 56. Ke3 Nd1+ 57. Ke2 Nc3+ 58. Kd3 Nd5 59. Nxd5 Kxd5 60. g4 b3 61. g5 Ke6 62. Kc3 Kf5 63. Kxb3 Kxg5 64. Kc4 Kf6 65. Kd5 Ke7 66. Kc6 Kd8 67. d5 Kc8 68. d6 Kd8 69. d7 1-0

[Event "ESTCC-65 2025"]
[Site "Swidnica"]
[Date "2025.04.08"]
[Round "4.3"]
[White "Novak, Stjepan"]
[Black "Lange, Torsten"]
[Result "1-0"]
[Annotator "NA RC"]
[ECO "C02"]
[WhiteElo "1671"]
[BlackElo "2025"]
[PlyCount "90"]
[EventDate "2025.04.05"]
[EventType "team-tourn"]
[EventCountry "POL"]
[SourceTitle "playchess.com"]
[Source "ChessBase"]
[SourceQuality "1"]
[WhiteTeam "Croatia"]
[BlackTeam "Germany"]
[WhiteTeamCountry "CRO"]
[BlackTeamCountry "GER"]
[TimeControl "40/5400+30:1800+30"]

1. e4 e6 2. d4 d5 3. e5 c5 4. b3 cxd4 5. Qxd4 Nc6 6. Qf4 Qc7 7. Nf3 Nge7 8. Bd3 Ng6 9. Bxg6 hxg6 10. a3 Be7 11. Ra2 Rh5 12. O-O Nxe5 13. Nxe5 Qxe5 14. Qxe5 Rxe5 15. Bb2 Rh5 16. Nd2 Bd7 17. Nf3 Rc8 18. Bd4 b6 19. a4 f6 20. Rc1 e5 21. Be3 d4 22. Bd2 Be6 23. Raa1 a5 24. Ne1 e4 25. c4 dxc3 26. Rxc3 Rxc3 27. Bxc3 Bxb3 28. Rb1 Bxa4 29. Rxb6 Rc5 30. Bd2 Rd5 31. Rb2 Bc6 32. g3 a4 33. Be3 Rd1 34. Kf1 a3 35. Rb8+ Kd7 36. Ke2 a2 37. Nc2 Rb1 38. Rb6 Bd8 39. Rxc6 Kxc6 40. Bd4 Bb6 41. Bc3 Kd5 42. Ba1 Rxa1 43. Nxa1 Bd4 44. Nc2 a1=Q 45. Nxa1 Bxa1 1-0

[Event "ESTCC-65 2025"]
[Site "Swidnica"]
[Date "2025.04.08"]
[Round "4.4"]
[White "Becker, Norbert"]
[Black "Petanjek, Zvonko"]
[Result "1-0"]
[Annotator "NA RC"]
[ECO "C25"]
[WhiteElo "2032"]
[BlackElo "1732"]
[PlyCount "89"]
[EventDate "2025.04.05"]
[EventType "team-tourn"]
[EventCountry "POL"]
[SourceTitle "playchess.com"]
[Source "ChessBase"]
[SourceQuality "1"]
[WhiteTeam "Germany"]
[BlackTeam "Croatia"]
[WhiteTeamCountry "GER"]
[BlackTeamCountry "CRO"]
[TimeControl "40/5400+30:1800+30"]

1. e4 e5 2. Nc3 Nc6 3. Bc4 Bc5 4. d3 h6 5. Nge2 Nf6 6. O-O d6 7. Na4 Bb6 8. Nxb6 axb6 9. a3 Be6 10. Bxe6 fxe6 11. f4 O-O 12. fxe5 Nxe5 13. Nf4 Qe8 14. Qe2 Ng6 15. Bd2 Nxf4 16. Rxf4 e5 17. Rf5 Nh7 18. Raf1 Rxf5 19. exf5 Qe7 20. Qg4 Kh8 21. Qg6 Qe8 22. Qxe8+ Rxe8 23. g4 Rf8 24. Kg2 Kg8 25. Kg3 Rf7 26. h4 g5 27. hxg5 hxg5 28. Rh1 Kg7 29. Rh5 Rf6 30. Bxg5 Nxg5 31. Rxg5+ Kf7 32. Rh5 Kg7 33. Rh2 Rh6 34. Rxh6 Kxh6 35. f6 d5 36. g5+ Kg6 37. a4 c6 38. Kg4 b5 39. axb5 cxb5 40. f7 Kxf7 41. Kf5 e4 42. dxe4 dxe4 43. Kxe4 Kg6 44. Kd5 Kxg5 45. Kc5 1-0

[Event "ESTCC-65 2025"]
[Site "Swidnica"]
[Date "2025.04.08"]
[Round "4.5"]
[White "Quinn, John M"]
[Black "Janocha, Wieslaw"]
[Result "0-1"]
[Annotator "RC"]
[ECO "D97"]
[WhiteElo "2073"]
[BlackElo "2186"]
[PlyCount "70"]
[EventDate "2025.04.05"]
[EventType "team-tourn"]
[EventCountry "POL"]
[SourceTitle "playchess.com"]
[Source "ChessBase"]
[SourceQuality "1"]
[WhiteTeam "England"]
[BlackTeam "Poland"]
[WhiteTeamCountry "ENG"]
[BlackTeamCountry "POL"]
[TimeControl "40/5400+30:1800+30"]

1. d4 Nf6 2. c4 g6 3. Nc3 d5 4. Nf3 Bg7 5. Qb3 dxc4 6. Qxc4 O-O 7. e4 Na6 8. Be2 c5 9. d5 e6 10. O-O exd5 11. exd5 Bf5 12. Bg5 Re8 13. Qh4 Qb6 14. Bb5 Bd7 15. Bc4 Ng4 16. h3 Qxb2 17. hxg4 Qxc3 18. Rac1 Qb4 19. Bd2 Qa3 20. Bh6 b5 21. Bxg7 Kxg7 22. Ng5 h6 23. Nxf7 Kxf7 24. Qxh6 Qb2 25. Bd3 Qg7 26. Qh2 Re7 27. g5 Nb4 28. Bb1 c4 29. Qg3 Rae8 30. Qd6 Nd3 31. Bxd3 cxd3 32. Rc7 Kg8 33. Qb4 Qe5 34. d6 Rh7 35. g3 Qd5 0-1

[Event "ESTCC-65 2025"]
[Site "Swidnica"]
[Date "2025.04.08"]
[Round "4.6"]
[White "Zyla, Janusz"]
[Black "Bowmer, Kevin"]
[Result "1-0"]
[Annotator "RC"]
[ECO "B35"]
[WhiteElo "2181"]
[BlackElo "2126"]
[PlyCount "63"]
[EventDate "2025.04.05"]
[EventType "team-tourn"]
[EventCountry "POL"]
[SourceTitle "playchess.com"]
[Source "ChessBase"]
[SourceQuality "1"]
[WhiteTeam "Poland"]
[BlackTeam "England"]
[WhiteTeamCountry "POL"]
[BlackTeamCountry "ENG"]
[TimeControl "40/5400+30:1800+30"]

1. e4 c5 2. Nc3 g6 3. Nf3 Bg7 4. d4 cxd4 5. Nxd4 Nc6 6. Be3 Nf6 7. Bc4 Qa5 8. O-O d6 9. h3 O-O 10. a3 Bd7 11. Nb3 Qc7 12. f4 Na5 13. Nxa5 Qxa5 14. Qd3 a6 15. Rae1 b5 16. Bb3 b4 17. axb4 Qxb4 18. e5 Bf5 19. Qe2 Ne4 20. Nd5 Qb7 21. Qf3 e6 22. Nb6 dxe5 23. Nxa8 exf4 24. Bxf4 Qxa8 25. g4 Bd4+ 26. Be3 Qa7 27. gxf5 Nd2 28. Qf2 Rd8 29. Bxd4 Rxd4 30. c3 Nf3+ 31. Qxf3 Rf4+ 32. Qe3 1-0

[Event "ESTCC-65 2025"]
[Site "Swidnica"]
[Date "2025.04.08"]
[Round "4.7"]
[White "Higgie, Charles L"]
[Black "Czajkowski, Ryszard"]
[Result "1-0"]
[Annotator "NA RC"]
[ECO "D88"]
[WhiteElo "1992"]
[BlackElo "1963"]
[PlyCount "52"]
[EventDate "2025.04.05"]
[EventType "team-tourn"]
[EventCountry "POL"]
[SourceTitle "playchess.com"]
[Source "ChessBase"]
[SourceQuality "1"]
[WhiteTeam "England"]
[BlackTeam "Poland"]
[WhiteTeamCountry "ENG"]
[BlackTeamCountry "POL"]
[TimeControl "40/5400+30:1800+30"]

1. d4 Nf6 2. c4 g6 3. Nc3 d5 4. cxd5 Nxd5 5. e4 Nxc3 6. bxc3 Bg7 7. Bc4 O-O 8. Ne2 c5 9. O-O cxd4 10. cxd4 Nc6 11. Be3 Bg4 12. f3 Na5 13. Bxf7+ Rxf7 14. fxg4 Rxf1+ 15. Qxf1 Qd7 16. h3 Nc4 17. Qc1 Rc8 18. Bf2 Qe6 19. Ng3 b5 20. Qb1 Rf8 21. e5 Bh6 22. Qxb5 Rxf2 23. Kxf2 Be3+ 24. Ke2 Bxd4 25. Rf1 Kg7 26. Qb8 g5 1-0

[Event "ESTCC-65 2025"]
[Site "Swidnica"]
[Date "2025.04.08"]
[Round "4.8"]
[White "Krupa, Krzysztof"]
[Black "Reynolds, D Ian W"]
[Result "1-0"]
[Annotator "NA RC"]
[ECO "C44"]
[WhiteElo "1919"]
[BlackElo "1926"]
[PlyCount "53"]
[EventDate "2025.04.05"]
[EventType "team-tourn"]
[EventCountry "POL"]
[SourceTitle "playchess.com"]
[Source "ChessBase"]
[SourceQuality "1"]
[WhiteTeam "Poland"]
[BlackTeam "England"]
[WhiteTeamCountry "POL"]
[BlackTeamCountry "ENG"]
[TimeControl "40/5400+30:1800+30"]

1. e4 e5 2. Nf3 Nc6 3. d4 exd4 4. Bc4 Bc5 5. O-O d6 6. c3 dxc3 7. Qb3 Qe7 8. Nxc3 Bb6 9. Nd5 Qd7 10. Qc3 f6 11. a4 Ne5 12. a5 Nxc4 13. axb6 Nxb6 14. Nxc7+ Kd8 15. Nxa8 Nxa8 16. Rd1 Nc7 17. Bf4 Nb5 18. Qb4 a6 19. Bxd6 Ke8 20. e5 Qf7 21. exf6 gxf6 22. Re1+ Be6 23. Rxe6+ Qxe6 24. Re1 Qxe1+ 25. Qxe1+ Kd7 26. Bf8 h6 27. Qe4 1-0

[Event "ESTCC-65 2025"]
[Site "Swidnica"]
[Date "2025.04.08"]
[Round "4.9"]
[White "Sandner, Gunter"]
[Black "Rooze, Jan"]
[Result "1-0"]
[Annotator "RC"]
[ECO "A46"]
[WhiteElo "2243"]
[BlackElo "2198"]
[PlyCount "141"]
[EventDate "2025.04.05"]
[EventType "team-tourn"]
[EventCountry "POL"]
[SourceTitle "playchess.com"]
[Source "ChessBase"]
[SourceQuality "1"]
[WhiteTeam "Germany"]
[BlackTeam "Belgium"]
[WhiteTeamCountry "GER"]
[BlackTeamCountry "BEL"]
[TimeControl "40/5400+30:1800+30"]

1. d4 Nf6 2. Nf3 e6 3. c4 d5 4. g3 Bb4+ 5. Bd2 Be7 6. Bg2 O-O 7. O-O c6 8. Qc2 b6 9. Rd1 Ba6 10. Ne5 Nfd7 11. cxd5 cxd5 12. e4 Nf6 13. Nc3 Bb7 14. exd5 Nxd5 15. a3 a6 16. Re1 Ra7 17. Rac1 Nf6 18. Be3 Bxg2 19. Kxg2 Nd5 20. Qb3 Nxe3+ 21. Rxe3 Bg5 22. f4 Be7 23. Rd3 Bd6 24. Ne4 Rc7 25. Rxc7 Bxc7 26. Ng5 Qd5+ 27. Qxd5 exd5 28. Rc3 Bd6 29. Ngf3 Re8 30. Kf2 f6 31. Ng4 Rd8 32. Ne3 Bf8 33. Rc7 b5 34. Ke2 b4 35. a4 Bd6 36. Ra7 b3 37. Rb7 Nc6 38. Rxb3 Bb4 39. Nc2 a5 40. Nxb4 Nxb4 41. Rc3 Rb8 42. Rc5 Na2 43. Rb5 Rc8 44. Rxd5 Rc2+ 45. Ke3 Rxb2 46. Rxa5 Rb3+ 47. Kf2 Rb2+ 48. Kf1 Nc3 49. d5 Ne4 50. Ra8+ Kf7 51. Ra7+ Kg8 52. Re7 Rf2+ 53. Ke1 Rxf3 54. Rxe4 Rd3 55. a5 Rxd5 56. Ra4 Kf7 57. a6 Rd8 58. a7 Ra8 59. Ra6 Ke7 60. Ke2 Kd7 61. Ke3 Kc7 62. Ke4 Kb7 63. Re6 Rg8 64. Re7+ Ka8 65. Kf5 g5 66. Kxf6 gxf4 67. gxf4 h5 68. Rg7 Rh8 69. f5 h4 70. Ke7 h3 71. Rg3 1-0

[Event "ESTCC-65 2025"]
[Site "Swidnica"]
[Date "2025.04.08"]
[Round "4.10"]
[White "Goormachtigh, Johan"]
[Black "Kyas, Juergen"]
[Result "1/2-1/2"]
[Annotator "RC"]
[ECO "D86"]
[WhiteElo "2207"]
[BlackElo "2168"]
[PlyCount "102"]
[EventDate "2025.04.05"]
[EventType "team-tourn"]
[EventCountry "POL"]
[SourceTitle "playchess.com"]
[Source "ChessBase"]
[SourceQuality "1"]
[WhiteTeam "Belgium"]
[BlackTeam "Germany"]
[WhiteTeamCountry "BEL"]
[BlackTeamCountry "GER"]
[TimeControl "40/5400+30:1800+30"]

1. d4 Nf6 2. c4 g6 3. Nc3 d5 4. cxd5 Nxd5 5. e4 Nxc3 6. bxc3 Bg7 7. Bc4 c5 8. Ne2 Nc6 9. Be3 O-O 10. O-O Bg4 11. f3 Bd7 12. Rb1 Rc8 13. Bd3 cxd4 14. cxd4 Na5 15. Qd2 a6 16. Rfc1 b5 17. Rxc8 Bxc8 18. Qb4 e6 19. a4 Nc6 20. Qc3 Bd7 21. axb5 axb5 22. Bxb5 Qa8 23. Bd3 Rc8 24. Qd2 Qa3 25. Bb5 Rb8 26. Qd3 Qa5 27. Bxc6 Rxb1+ 28. Qxb1 Bxc6 29. Qb8+ Bf8 30. Kf2 Qa8 31. Qxa8 Bxa8 32. Bf4 f6 33. g4 Kf7 34. h4 Bb7 35. Bd2 Bc6 36. Bc3 Bh6 37. Bb4 Bb7 38. Bd6 Bd2 39. Bf4 Bb4 40. Be3 Ba6 41. Nf4 Bd6 42. Nh3 Bc4 43. Bf4 Bb4 44. e5 Bc3 45. Ke3 f5 46. Bg3 Bb2 47. Be1 Kg7 48. Bd2 Kf7 49. Nf4 Ba3 50. Nd3 Ke8 51. Bb4 Bxd3 1/2-1/2

[Event "ESTCC-65 2025"]
[Site "Swidnica"]
[Date "2025.04.08"]
[Round "4.11"]
[White "Jahnel, Guenther"]
[Black "Stuer, Marc"]
[Result "1-0"]
[Annotator "RC"]
[ECO "A80"]
[WhiteElo "2148"]
[BlackElo "2038"]
[PlyCount "71"]
[EventDate "2025.04.05"]
[EventType "team-tourn"]
[EventCountry "POL"]
[SourceTitle "playchess.com"]
[Source "ChessBase"]
[SourceQuality "1"]
[WhiteTeam "Germany"]
[BlackTeam "Belgium"]
[WhiteTeamCountry "GER"]
[BlackTeamCountry "BEL"]
[TimeControl "40/5400+30:1800+30"]

1. d4 f5 2. Nf3 Nf6 3. g3 g6 4. Bg2 Bg7 5. O-O O-O 6. c4 d6 7. Nc3 Qe8 8. Nd5 Na6 9. Nxf6+ Bxf6 10. Bh6 Bg7 11. Bxg7 Kxg7 12. Qd2 c5 13. Qc3 Kg8 14. e4 fxe4 15. Ng5 cxd4 16. Qxd4 Nc5 17. b4 Nd3 18. Qxe4 Nxb4 19. a3 Nc6 20. Rfe1 h6 21. Ne6 Bxe6 22. Qxe6+ Kg7 23. Rab1 Rf6 24. Qe3 b6 25. f4 Rc8 26. Rbd1 Rc7 27. Qc3 Qd7 28. Bd5 Na5 29. Re6 Nxc4 30. Rxf6 exf6 31. Bxc4 b5 32. Bxb5 Qe7 33. Qd4 Rc2 34. Bd3 Ra2 35. Qe4 Qf7 36. Bc4 1-0

[Event "ESTCC-65 2025"]
[Site "Swidnica"]
[Date "2025.04.08"]
[Round "4.12"]
[White "Van Herck, Marcel"]
[Black "Topchii, Gennadii"]
[Result "1-0"]
[Annotator "NA RC"]
[ECO "B40"]
[WhiteElo "1962"]
[BlackElo "2012"]
[PlyCount "71"]
[EventDate "2025.04.05"]
[EventType "team-tourn"]
[EventCountry "POL"]
[SourceTitle "playchess.com"]
[Source "ChessBase"]
[SourceQuality "1"]
[WhiteTeam "Belgium"]
[BlackTeam "Germany"]
[WhiteTeamCountry "BEL"]
[BlackTeamCountry "GER"]
[TimeControl "40/5400+30:1800+30"]

1. e4 c5 2. Nf3 e6 3. d4 cxd4 4. Nxd4 Bc5 5. Nb3 Bb6 6. Nc3 Ne7 7. Bf4 O-O 8. Bd6 Nbc6 9. Qd2 f5 10. e5 Bc7 11. f4 g5 12. Bxc7 Qxc7 13. g3 a6 14. O-O-O b5 15. Bg2 Rb8 16. h4 g4 17. Qd6 Qxd6 18. Rxd6 Rb7 19. Rhd1 Rc7 20. R1d2 Kf7 21. a4 b4 22. Ne2 Nb8 23. Rb6 Nec6 24. Ned4 Bb7 25. Nxc6 Nxc6 26. Nc5 Bc8 27. Bxc6 dxc6 28. Rxb4 Ke7 29. a5 Rd8 30. Rxd8 Kxd8 31. Rb6 Ke7 32. c3 Kd8 33. Kc2 Ke7 34. Kd3 Kd8 35. Kc4 Ke7 36. b4 1-0